 Dungeon Crawl Stone Soup version 0.30-a0-728-gc68057be0a (webtiles) character file.

Game seed: 10686019977092608268

2005 juan097 the Cleaver (level 9, -4/118 HPs)
             Began as a Hill Orc Berserker on Jan 31, 2023.
             Was an Elder of Trog.
             Slain by an orc warrior
             ... wielding a +0 glaive
              (13 damage)
             ... in a bailey.
             The game lasted 00:19:29 (7001 turns).

juan097 the Cleaver (Hill Orc Berserker)            Turns: 7001, Time: 00:19:29

Health: -4/118     AC:  8    Str: 24    XL:     9   Next: 22%
Magic:  9/9        EV: 11    Int:  7    God:    Trog [****..]
Gold:   148        SH:  5    Dex: 10    Spells: 8/8 levels left

rFire   . . .      SeeInvis .    a - +0 war axe
rCold   + . .      Faith    .    (no shield)
rNeg    . . .      Spirit   .    H - +1 ring mail {Will+}
rPois   .          Reflect  +    (no helmet)
rElec   .          Harm     .    r - +0 cloak
rCorr   .          Rampage  .    (no gloves)
Will    +....                    (no boots) Stlth
                                 C - amulet of reflection
HPRegen 0.39/turn                u - ring of protection from cold
MPRegen 0.11/turn                (no ring)

@: berserking, very quick
A: no striking features
a: Renounce Religion, Berserk, Trog's Hand, Brothers in Arms


You were in a bailey.
You worshipped Trog.
Trog was greatly pleased with you.
You visited 1 branch of the dungeon, and saw 7 of its levels.
You also visited: Sewer and Bailey.

You collected 409 gold pieces.
You spent 261 gold pieces at shops.

Inventory:

Hand Weapons
 a - a +0 war axe (weapon)
 b - a +3 shortbow of draining
Missiles
 i - 9 boomerangs (quivered)
 m - 7 curare-tipped darts
 t - 21 poisoned darts
Armour
 r - a +0 cloak (worn)
 v - a scarf of invisibility
 H - a +1 ring mail of willpower (worn)
Jewellery
 u - a ring of protection from cold (left hand)
 C - an amulet of reflection (around neck)
Wands
 B - a wand of roots (12)
 E - a wand of charming (5)
 G - a wand of flame (19)
Scrolls
 g - 2 scrolls of poison
 h - 3 scrolls of teleportation
 k - 2 scrolls of blinking
 l - a scroll of fear
 p - 2 scrolls of enchant weapon
 y - a scroll of fog
Potions
 c - 4 potions of lignification {unknown}
 d - 3 potions of haste
 e - 4 potions of magic {unknown}
 f - 4 potions of attraction {unknown}
 o - a potion of might {unknown}
 q - a potion of berserk rage {unknown}
 s - 3 potions of curing {unknown}
 w - 2 potions of ambrosia {unknown}
 x - 3 potions of cancellation {unknown}
 z - 3 potions of heal wounds {unknown}
 F - a potion of flight {unknown}


   Skills:
 + Level 7.6 Fighting
 + Level 9.5 Axes
 * Level 1.0 Ranged Weapons
 + Level 4.8 Armour
 - Level 3.0 Dodging
 - Level 4.0 Stealth
 + Level 3.6 Evocations


You had 8 spell levels left.
You didn't know any spells.
Your spell library was empty.

Dungeon Overview and Level Annotations

Branches:
Dungeon (7/15)             Temple (0/1) D:5           Sewer (visited)
 Bailey (1/1)

Altars:
Cheibriados
Makhleb
Wu Jian

Shops:
D:5 (


Message History

Your orc warrior closely misses the orc.
The orc barely misses you.
Your orc warrior hits the orc from afar with a +0 glaive!
The orc dies!
Trog accepts your kill.
You feel yourself speed up.
There is a gate leading back out of this place here.
What are your orders? t - Shout!
Orders for allies: a - Attack new target. r - Retreat! s - Stop attacking. g - Guard the area. f - Follow me.
Anything else - Cancel.
Retreat in which direction?
Press: ? - help, Dir - move target Fall back!
You start resting.
You recover from your berserk rage.
You start resting.
The orc warrior is no longer charmed.
The orc warrior drinks a potion.
The orc warrior flickers and vanishes!
Deactivating autopickup; reactivate with Ctrl-A.
a - a +0 war axe (weapon)
Something hits you.
You miss something. Something hits you.
You barely miss something. You block something's attack.
You completely miss something. Something hits you!
You barely miss something. Something hits you but does no damage.
You closely miss something. Something hits you!
You barely miss something. Something hits you!
A red film seems to cover your vision as you go berserk!
You feel yourself moving faster!
You feel mighty! Something hits you!
* * * LOW HITPOINT WARNING * * *
You barely miss something. Something hits you!!
* * * LOW HITPOINT WARNING * * *
You miss something. Something hits you.
* * * LOW HITPOINT WARNING * * *
You barely miss something. You hit something. Something hits you!
You die...

#######
##.)∩..##
#@......#
#{)))..∩#
#)).)...#
#.......#
#).#.#..#
#.##8##.#
#..#.#..#
#.......#
#.......#


There were no monsters in sight!

Vanquished Creatures
  Duvessa (D:6)
  2 orc warriors (Bailey)
  2 ogres (D:5)
  A centaur (D:6)
  4 phantoms
  2 kobold brigands (Sewer)
  2 bullfrogs
  3 scorpions
  2 necrophages
  Dowan (D:6)
  A howler monkey (D:6)
  A jelly (D:6)
  Crazy Yiuf (D:6)
  3 hounds
  2 iguanas (D:6)
  An orc wizard (D:4)
  13 adders
  A gnoll (D:2)
  An ufetubus (D:6)
  A dart slug (D:4)
  22 orcs
  18 bats
  6 endoplasms
  2 giant cockroaches (D:4)
  9 goblins
  5 hobgoblins
  2 jackals (D:4)
  24 kobolds
  7 quokkas
  7 ball pythons
  4 frilled lizards
  10 rats
161 creatures vanquished.

Vanquished Creatures (collateral kills)
  An orc (Bailey)
1 creature vanquished.

Vanquished Creatures (others)
  An ice beast (D:6)
  7 plants (Sewer)
8 creatures vanquished.

Grand Total: 170 creatures vanquished

Notes
Turn   | Place    | Note
-------+----------+-------------------------------------------
     0 | D:1      | juan097 the Hill Orc Berserker began the quest for the Orb.
     0 | D:1      | Reached XP level 1. HP: 19/19 MP: 1/1
   310 | D:1      | Reached XP level 2. HP: 22/27 MP: 2/2
   894 | D:2      | Reached skill level 1 in Stealth
   894 | D:2      | Reached XP level 3. HP: 33/33 MP: 3/3
   958 | D:2      | Reached skill level 5 in Axes
   979 | D:2      | Found an ornate altar of the Wu Jian Council.
  1164 | D:2      | Reached XP level 4. HP: 40/40 MP: 4/4
  1199 | D:2      | Reached ** piety under Trog
  1924 | D:2      | Reached XP level 5. HP: 46/47 MP: 5/5
  2270 | D:3      | Reached skill level 6 in Axes
  2713 | D:4      | Noticed a phantom
  2722 | D:4      | Killed a phantom
  2798 | D:4      | Reached skill level 5 in Fighting
  2873 | D:4      | Reached XP level 6. HP: 50/56 MP: 6/6
  2970 | D:4      | Found a glowing drain.
  3035 | Sewer    | Entered a sewer
  3158 | Sewer    | Reached *** piety under Trog
  3303 | Sewer    | Reached skill level 7 in Axes
  4003 | D:4      | Reached XP level 7. HP: 49/61 MP: 7/7
  4550 | D:5      | Entered Level 5 of the Dungeon
  4554 | D:5      | Found Wuram's Weapon Shop.
  4611 | D:5      | Reached skill level 8 in Axes
  4633 | D:5      | Found a staircase to the Ecumenical Temple.
  4989 | D:5      | Reached skill level 1 in Evocations
  5047 | D:5      | Reached XP level 8. HP: 70/70 MP: 8/8
  5162 | D:5      | Bought a +2 shortbow of draining for 261 gold pieces
  5238 | D:6      | Noticed Dowan
  5315 | D:6      | Found a burning altar of Makhleb.
  5365 | D:6      | Found a snail-covered altar of Cheibriados.
  5494 | D:6      | Reached **** piety under Trog
  5716 | D:6      | Noticed Duvessa
  5738 | D:6      | Killed Duvessa
  5739 | D:6      | Reached skill level 9 in Axes
  5739 | D:6      | Killed Dowan
  6264 | D:6      | Found a runed translucent door.
  6265 | D:6      | Noticed Crazy Yiuf
  6440 | D:6      | Reached XP level 9. HP: 66/79 MP: 9/9
  6695 | D:6      | Killed Crazy Yiuf
  6771 | D:7      | Found a flagged portal.
  6779 | Bailey   | Entered a bailey
  6926 | Bailey   | Reached skill level 1 in Ranged Weapons
  7001 | Bailey   | Slain by an orc warrior

Illustrated notes

Levels and vault maps discovered:
D:1:      dpeg_arrival_solitude, layout_loops_cross, columned_hall_lemuel,
          grunt_decor_mini_mirrors
D:2:      minmay_razor_zed, layout_loops_ring, basic_altar, grunt_ministairs_10,
          st_stairs_5, minmay_misc_feat_enclosed
D:3:      layout_rooms
D:4:      layout_basic, gup_sewer_entry_glass
D:5:      layout_gridville, minmay_temple_entry_waves, serial_shops, shop,
          serial_park_tiny_2
D:6:      layout_layer_cave, mainiacjoe_overflow_catwalk_spiral,
          minmay_misc_feat_square, uniq_crazy_yiuf_cottage, uniq_duvessa
D:7:      layout_basic, enter_bailey_2, uniq_joseph
Bailey:   bailey_polearm_5, bailey

Skill      XL: |  1  2  3  4  5  6  7  8  9 |
---------------+----------------------------+-----
Fighting       | 4 5 6 7 |  7.6
Stealth        | 1 2 4 |  4.0
Axes           | 5 6 7 8 9 |  9.5
Evocations     | 1 3 |  3.6
Dodging        | 2 3 |  3.0
Armour         | 4 |  4.8
Ranged Weapons | 1 |  1.0

Action                     |  1- 3 |  4- 6 |  7- 9 || total
---------------------------+-------+-------+-------++-------
  Melee: Hand axe          |   111 |   230 |       ||   341
         Punch             |     2 |     4 |     3 ||     9
         War axe           |       |    24 |   173 ||   197
   Fire: Sling             |       |    83 |    22 ||   105
         Shortbow          |       |       |    42 ||    42
  Throw: Dart              |       |     1 |     6 ||     7
 Invoke: Berserk           |       |     2 |     3 ||     5
         Trog's Hand       |       |       |     1 ||     1
  Evoke: Wand              |       |       |     4 ||     4
    Use: Scroll            |       |       |     9 ||     9
   Stab: Sleeping          |     1 |       |       ||     1
 Armour: Leather armour    |    10 |       |       ||    10
         Animal skin       |     1 |       |       ||     1
         Ring mail         |    31 |   107 |    62 ||   200
  Dodge: Dodged            |    69 |   161 |    94 ||   324
  Block: Other             |       |       |    35 ||    35
         Reflection        |       |       |     4 ||     4

Table legend: (Time is in decaauts)
 A = Elapsed time spent in this place.
 B = Non-inter-level travel time spent in this place.
 C = Inter-level travel time spent in this place.
 D = Time resting spent in this place.
 E = Time spent auto-exploring this place.
 F = Levels seen in this place.
 G = Mean time per level.
                   A        B        C        D        E       F      G
               +--------+--------+--------+--------+--------+-----+--------+
         Total |   7106 |   6894 |    212 |    209 |   4935 |   9 |  789.6 |
       Dungeon |   6327 |   6115 |    212 |    125 |   4512 |   7 |  903.9 |
         Sewer |    541 |    541 |      0 |     27 |    351 |   1 |  541.0 |
        Bailey |    237 |    237 |      0 |     57 |     71 |   1 |  237.0 |
               +--------+--------+--------+--------+--------+-----+--------+

Top non-repeatable levels by time:
     D:6: 1470 daAuts
     D:4: 1371 daAuts
     D:2: 1286 daAuts
     D:1: 890 daAuts
     D:5: 738 daAuts
   Sewer: 541 daAuts
     D:3: 519 daAuts
  Bailey: 237 daAuts
     D:7: 50 daAuts
